 Dungeon Crawl Stone Soup version 0.19.0-19-g8c6edcc (console) character file.

382 vible the Cleaver (level 6, 0/50 HPs)
             Began as a Hill Orc Skald on Nov 11, 2016.
             Was an Initiate of Beogh.
             Succumbed to a scorpion's poison
             ... on level 4 of the Dungeon on Nov 12, 2016.
             The game lasted 00:10:18 (3162 turns).

vible the Cleaver (Hill Orc Skald)                  Turns: 3162, Time: 00:10:19

Health: 0/50       AC:  8    Str: 15    XL:     6   Next: 76%
Magic:  8/8        EV:  6    Int: 12    God:    Beogh [......]
Gold:   183        SH:  0    Dex: 12    Spells: 2 memorised, 5 levels left

rFire  + + .     SeeInvis .     a - +0 hand axe
rCold  x . .     Gourm    .     j - +0 chain mail
rNeg   . . .     Faith    +     (no shield)
rPois  .         Spirit   .     (no helmet)
rElec  .         Reflect  .     (no cloak)
rCorr  .         Harm     .     (no gloves)
MR     .....                    (no boots)
Stlth  ..........               H - amulet of faith {!P}
                                s - ring of fire
                                F - ring of protection from fire

@: lethally poisoned (0 -> -26)
A: no striking features
a: Renounce Religion


You were on level 4 of the Dungeon.
You worshipped Beogh.
Beogh was noncommittal.
You were hungry.

You visited 1 branch of the dungeon, and saw 4 of its levels.

You collected 183 gold pieces.


   Skills:
 - Level 2.4 Fighting
 * Level 9.0 Axes
 + Level 1.7 Armour
 - Level 0.7 Dodging
 - Level 1.5 Spellcasting
 - Level 2.6 Charms


You had 5 spell levels left.
You knew the following spells:

 Your Spells              Type           Power        Failure   Level  Hunger
o - Infusion              Chrm           #...         99%         1    ##.....
u - Shroud of Golubria    Chrm/Tloc      #.........   100%        2    ###....

Inventory:

Hand Weapons
 a - a +0 hand axe (weapon)
Missiles
 e - 146 stones (quivered)
Armour
 b - a +0 leather armour
 h - a +0 scale mail
 j - a +0 chain mail (worn)
Jewellery
 f - an uncursed ring of fire
 s - a ring of fire (right hand)
 F - a ring of protection from fire (left hand)
 G - an uncursed amulet of guardian spirit
 H - an amulet of faith (around neck) {!P}
Wands
 t - a wand of hasting (4/9) {@v3}
Scrolls
 i - a scroll of noise {unknown}
 l - a scroll of magic mapping {unknown}
 n - 2 scrolls of teleportation {unknown}
Potions
 g - a potion of haste {@q3}
 u - a potion of flight
Books
 c - a book of Battle

   Spells                             Type                      Level
   a - Infusion                       Charms                       1
   b - Shroud of Golubria             Charms/Translocation         2
   c - Song of Slaying                Charms                       2
   d - Spectral Weapon                Hexes/Charms                 3
   e - Regeneration                   Charms/Necromancy            3
Comestibles
 d - 4 bread rations {@e1}
 m - 2 beef jerkies {@e2}
 o - a slice of pizza {@e2}
 r - a meat ration {@e1}

..#
####.####
#.#
#(......#
#.#
#.##..#.#
#.#
#.###.#.#
#.#
#.##..#.#
#.#
#.##.##.#
..###
#.......#
###.##
####.####
##.#.## #
#@#
#.###.##.###
#s# .##
##.....# #h#
..#
#.......#


#hh ...#....>#..# #Z## ...ยง.....# ... ..# ......W..# # #.# .......#.# #.#
.....>.... #.. You could see a scorpion, 3 jackals and a jackal skeleton.


Message History

You hit the scorpion but do no damage.
The scorpion is heavily wounded.
You feel sick. The scorpion stings you.
You are lethally poisoned!
The scorpion poisons you!
Okay, then.
You closely miss the scorpion.
The scorpion is heavily wounded.
You feel sick.
The scorpion stings you but does no damage.
You hit the scorpion but do no damage.
The scorpion is heavily wounded.
* * * LOW HITPOINT WARNING * * *
You feel sick. The scorpion barely misses you.
You hit the scorpion but do no damage.
The scorpion is heavily wounded.
* * * LOW HITPOINT WARNING * * *
You feel sick.
You hit the scorpion but do no damage.
The scorpion is heavily wounded.
* * * LOW HITPOINT WARNING * * *
You feel sick. The scorpion stings you!
* * * LOW HITPOINT WARNING * * *
You are more poisoned.
The scorpion poisons you!
Unknown command.
Unknown command.
You closely miss the scorpion.
The scorpion is heavily wounded.
You die...

Action                   |  1- 3 |  4- 6 || total
-------------------------+-------+-------++-------
Melee: Hand axe          |   101 |   172 ||   273
Throw: Stone             |     1 |       ||     1
 Cast: Infusion          |     3 |     1 ||     4
       Shroud of Golubri |     1 |     1 ||     2
Invok: Convert to Beogh  |       |     1 ||     1
  Use: Potion            |       |     3 ||     3
       Scroll            |       |     3 ||     3
  Eat: Chunk             |     1 |     6 ||     7
Armor: Leather armour    |    47 |    14 ||    61
       Scale mail        |       |    25 ||    25
       Chain mail        |       |    12 ||    12
Dodge: Dodged            |    84 |    57 ||   141

Vault maps used:
D:1:      minmay_arrival_four_houses
D:2:      old_standard_altar, kennysheep_cross_room, nicolae_ru_awakened_eye
D:3:      lemuel_crystal_altar, first_bread, uniq_grinder
D:4:      cheibrodos_ashenzari_chains, serial_shops, nicolae_shop_waterfront,
          uniq_duvessa

Notes
Turn   | Place    | Note
-------+----------+-------------------------------------------
     0 | D:1      | vible the Hill Orc Skald began the quest for the Orb.
     0 | D:1      | Reached XP level 1. HP: 18/18 MP: 3/3
    23 | D:1      | Reached skill level 3 in Axes
    27 | D:1      | Upgraded the game from 0.19.0-18-g426998a to 0.19.0-19-g8c6edcc
    68 | D:1      | Reached XP level 2. HP: 17/25 MP: 0/4
   415 | D:1      | Reached skill level 4 in Axes
   526 | D:1      | Learned a level 2 spell: Shroud of Golubria
   694 | D:1      | Reached XP level 3. HP: 23/30 MP: 5/5
  1025 | D:2      | Reached skill level 5 in Axes
  1165 | D:2      | Reached XP level 4. HP: 37/37 MP: 0/6
  1223 | D:2      | Found a sacrificial altar of Ru.
  1289 | D:2      | Found a white marble altar of Elyvilon.
  1687 | D:2      | Reached skill level 6 in Axes
  2228 | D:3      | Noticed Grinder
  2245 | D:3      | Killed Grinder
  2245 | D:3      | Reached skill level 8 in Axes
  2245 | D:3      | Reached XP level 5. HP: 26/42 MP: 4/7
  2245 | D:3      | Reached XP level 6. HP: 31/50 MP: 4/8
  2411 | D:3      | Found an iron altar of Okawaru.
  2425 | D:3      | Became a worshipper of Beogh the Brigand
  2826 | D:4      | Found a shattered altar of Ashenzari.
  2846 | D:4      | Noticed a phantom
  2876 | D:4      | Reached skill level 9 in Axes
  3161 | D:4      | HP: 2/50 [scorpion (7)]
  3162 | D:4      | Succumbed to a scorpion's poison

Vanquished Creatures
  Grinder (D:3)
  A howler monkey (D:4)
  A centaur skeleton (D:4)
  5 adders
  3 oozes
  5 dart slugs
  2 worms (D:3)
  4 leopard geckos
  2 orcs (D:3)
  8 bats
  4 giant cockroaches
  3 hobgoblins
  8 jackals
  4 kobolds
  2 ball pythons
  A frilled lizard (D:3)
  4 goblins
  8 rats
66 creatures vanquished.

Vanquished Creatures (others)
  2 orcs (D:3)
2 creatures vanquished.

Grand Total: 68 creatures vanquished
